 Dungeon Crawl Stone Soup version 0.31-a0-672-g7da72447bb (webtiles) character file.

Game seed: 16527304487423442207

1102 Strat the Gusty (level 8, 75/80 HPs)
             Began as an Ogre Air Elementalist on July 28, 2023.
             Quit the game on level 6 of the Dungeon on Sept 4, 2023.
             The game lasted 00:18:55 (8580 turns).

Strat the Gusty (Ogre Air Elementalist)             Turns: 8580, Time: 00:18:56

Health: 75/80      AC:  4    Str: 13    XL:     8   Next: 32%
Magic:  14/14      EV: 10    Int: 18    God:
Gold:   235        SH:  0    Dex: 12    Spells: 4/15 levels left

rFire   . . .        b - +6 hammer of the Last Continents {spect, Dex+3}
rCold   . . .        (no shield)
rNeg    . . .        r - +0 robe
rPois   .            (helmet restricted)
rElec   .            j - +0 cloak
rCorr   .            (gloves unavailable)
SInv    +            (boots unavailable)
Will    .....        (no amulet)
Stlth   ++           c - ring of see invisible
HPRegen 0.33/turn    (no ring)
MPRegen 0.14/turn

%: no passive effects
@: no status effects
A: large, unfitting armour, tough skin 1
a: no special abilities


You were on level 6 of the Dungeon.
You visited 2 branches of the dungeon, and saw 7 of its levels.

You collected 271 gold pieces.
You spent 36 gold pieces at shops.

Inventory:

Hand Weapons
 a - a +3 whip of electrocution
 b - the +6 hammer of the Last Continents (weapon) {spect, Dex+3}
   (You found it on level 5 of the Dungeon)

   Dex+3:     It affects your dexterity (+3).
Armour
 j - a +0 cloak (worn)
 r - a +0 robe (worn)
Jewellery
 c - a ring of see invisible (left hand)
 n - a ring of fire
Wands
 s - a wand of flame (25)
Scrolls
 e - a scroll of poison {unknown}
 g - a scroll of enchant weapon
 i - 3 scrolls of noise
 o - 3 scrolls of teleportation
Potions
 d - a potion of attraction {unknown}
 f - a potion of heal wounds {unknown}
 h - 3 potions of curing
 l - 2 potions of might
 m - 3 potions of lignification
 p - a potion of mutation {unknown}
 t - 2 potions of enlightenment
 v - a potion of invisibility {unknown}
 w - a potion of magic


   Skills:
 - Level 5.0 Fighting
 - Level 1.7 Dodging
 - Level 1.4 Stealth
 - Level 4.0 Spellcasting
 - Level 2.0 Conjurations
 + Level 7.7 Air Magic


You had 4 spell levels left.
You knew the following spells:

 Your Spells              Type           Power      Damage    Failure   Level
a - Shock                 Conj/Air       84%        1d8       1%          1
b - Static Discharge      Conj/Air       42%        2-4/arc   3%          2
c - Swiftness             Air            31%        N/A       1%          3
d - Apportation           Tloc           6%         N/A       14%         1
e - Airstrike             Air            15%        2d(3-19)  6%          4

Your spell library contained the following spells:

 Spells                   Type           Power      Damage    Failure   Level
 Cigotuvi's Dreadful Rot  Necr/Pois/Air  24%        N/A       8%          2
 Slow                     Hex            12%        N/A       14%         1
 Stone Arrow              Conj/Erth      14%        3d7       28%         3
 Confusing Touch          Hex            3%         N/A       41%         3
 Tukima's Dance           Hex            3%         N/A       41%         3
 Vampiric Draining        Necr           3%         2d6       41%         3
 Iskenderun's Mystic Bla  Conj/Tloc      7%         2d4       67%         4
 Passage of Golubria      Tloc           3%         N/A       82%         4
 Silence                  Hex/Air        8%         N/A       63%         5
 Alistair's Intoxication  Tmut/Pois      2%         N/A       99%         5
 Yara's Violent Unravell  Hex/Tmut       1%         3d3       99%         5
 Lehudib's Crystal Spear  Conj/Erth      3%         10d3      100%        8
 Chain Lightning          Conj/Air       10%        3d14      100%        9


Dungeon Overview and Level Annotations

Branches:
Dungeon (6/15)             Temple (1/1) D:4

Altars:
Fedhas
Hepliaklqana
Okawaru
Qazlal
Ru
Trog
Yredelemnul

Shops:
D:1 *==?!   D:4 *

Annotations:
D:4 4 runed translucent doors
D:5 Pikel
D:6 Edmund


Innate Abilities, Weirdness & Mutations

You are too large for most types of armour.
You have tough skin. (AC +1)


Message History

HP restored.
Things that are here:
a +0 dagger; a +0 robe; an orc corpse
There is a stone staircase leading up here.
You see here a howler monkey corpse.
Things that are here:
a +0 dagger; a +0 robe Edmund the Younger comes into view.
He is wielding a +2 dire flail of protection and wearing a +1 ring mail of fire resistance.
Things that are here:
a +0 dagger; a +0 robe
There is a stone staircase leading up here.
You see here a howler monkey corpse.
Things that are here:
a +0 dagger; a +0 robe; an orc corpse
There is a stone staircase leading up here.
A white imp comes into view.
The white imp shouts!
The white imp barely misses you.
You hit the white imp.
The white imp is moderately wounded.
Your +6 hammer of the Last Continents {spect, Dex+3} hits the white imp.
The white imp closely misses your +6 hammer of the Last Continents {spect, Dex+3}.
You barely miss the white imp.
The white imp is severely wounded.
Your +6 hammer of the Last Continents {spect, Dex+3} barely misses the white imp.
The white imp hits you. The white imp freezes you.
You completely miss the white imp.
The white imp is severely wounded.
Your +6 hammer of the Last Continents {spect, Dex+3} hits the white imp!
You kill the white imp!
You swap places.
Your +6 hammer of the Last Continents {spect, Dex+3} disappears.
Casting: Static Discharge (safe; 3% risk of failure)
Confirm with . or Enter, or press ? or * to list all spells.
Okay, then.
Saving game... please wait.
Level annotation: Edmund Welcome back, Strat the Ogre Air Elementalist.
Press ? for a list of commands and other information.
Are you sure you want to abandon this character and quit the game? (Confirm with "yes".)

#....#...####.#........[......#
..#........##........o........#
...........# ##..........!....#
#........###..........###@..###
#..................##.#####....
#####........##.#####..........
#......##.#.....# ##########.
#.......#..#...################
##......##....@..........[.....
#...........###.##.#############
#..#.........###.##....<..).<)...
####............<...#############
#................# #
#................#
#................#
#................#
##########.......#


There were no monsters in sight!

Vanquished Creatures
  A black bear (D:5)
  2 ogres (D:5)
  A phantom (D:4)
  2 lemures (D:5)
  2 scorpions
  A killer bee (D:4)
  2 howler monkeys
  A bullfrog zombie (D:4)
  3 hounds
  Crazy Yiuf (D:5)
  A jelly (D:5)
  A sleepcap (D:5)
  An iguana (D:4)
  2 orc wizards (D:6)
  2 hound zombies (D:4)
  Robin (D:2)
  A howler monkey zombie (D:4)
  A gnoll (D:4)
  5 adders
  A white imp (D:6)
  An ufetubus (D:6)
  2 adder zombies
  3 worms
  5 dart slugs
  3 orcs
  5 endoplasms
  7 giant cockroaches
  14 goblins
  15 hobgoblins
  6 jackals
  5 quokkas
  9 ball pythons
  3 bats (D:3)
  4 frilled lizards
  A jackal zombie (D:3)
  7 kobolds
  3 rats
125 creatures vanquished.

Notes
Turn   | Place    | Note
-------+----------+-------------------------------------------
     0 | D:1      | Strat the Ogre Air Elementalist began the quest for the
                  | Orb.
     0 | D:1      | Reached XP level 1. HP: 16/16 MP: 3/3
    68 | D:1      | Found Koddog's Distillery.
    97 | D:1      | Reached skill level 1 in Conjurations
   224 | D:1      | Reached skill level 3 in Air Magic
   224 | D:1      | Reached XP level 2. HP: 24/24 MP: 1/5
   270 | D:1      | Learned a level 2 spell: Static Discharge
   466 | D:1      | Found Talagaw's Magic Scroll Shop.
   518 | D:1      | Found Rerug's Jewellery Emporium.
   617 | D:1      | Found Puqon's Jewellery Shoppe.
   739 | D:1      | Found a transporter.
   942 | D:1      | Found a transporter.
   942 | D:1      | Found Biatav's Assorted Antiques.
  1124 | D:2      | Reached XP level 3. HP: 31/31 MP: 2/6
  1166 | D:2      | Learned a level 3 spell: Swiftness
  1368 | D:2      | Noticed Robin
  1406 | D:2      | Killed Robin
  1517 | D:2      | Reached XP level 4. HP: 39/39 MP: 4/7
  1699 | D:2      | Reached skill level 4 in Air Magic
  2483 | D:3      | Found a faded altar of an unknown god.
  3186 | D:3      | Reached XP level 5. HP: 45/45 MP: 4/8
  3524 | D:4      | Found a staircase to the Ecumenical Temple.
  3554 | Temple   | Entered the Ecumenical Temple
  3698 | D:4      | Upgraded the game from 0.31-a0-369-g8eba5f6939 to
                  | 0.31-a0-473-g61b50ae490
  3741 | D:4      | Reached skill level 5 in Air Magic
  3923 | D:4      | Found a large runed translucent door.
  4018 | D:4      | Found a large runed translucent door.
  4018 | D:4      | Found a large runed translucent door.
  4428 | D:4      | Reached XP level 6. HP: 53/53 MP: 9/9
  4488 | D:4      | Found a basalt altar of Yredelemnul.
  4627 | D:4      | Reached skill level 6 in Air Magic
  4632 | D:4      | Learned a level 1 spell: Apportation
  4643 | D:4      | Reached skill level 1 in Fighting
  4811 | D:4      | Identified the +1 shortbow "Lorem Ipsum" {heavy, +Blink rC+
                  | rN+ Int+3}
  4833 | D:4      | Found a large runed translucent door.
  5033 | D:4      | Found Ihyc's General Store.
  5041 | D:4      | Bought a potion of curing for 36 gold pieces
  5408 | D:4      | Reached XP level 7. HP: 18/66 MP: 2/12
  5409 | D:4      | Got Hihot's Catalogue of the Prime Dose
  5617 | D:4      | Learned a level 4 spell: Airstrike
  5652 | D:5      | Entered Level 5 of the Dungeon
  6263 | D:5      | Noticed Pikel
  6461 | D:5      | Found a runed translucent door.
  6462 | D:5      | Noticed Crazy Yiuf
  6469 | D:5      | Upgraded the game from 0.31-a0-473-g61b50ae490 to
                  | 0.31-a0-523-g071a6c1ffa
  6472 | D:5      | Killed Crazy Yiuf
  6482 | D:5      | Identified the +6 hammer of the Last Continents {spect,
                  | Dex+3}
  7007 | D:5      | Reached skill level 5 in Fighting
  7007 | D:5      | Reached skill level 7 in Air Magic
  7007 | D:5      | Reached XP level 8. HP: 67/80 MP: 5/14
  7786 | D:5      | HP: 4/80 [lemure[Pikel] (6)]
  8550 | D:6      | Noticed Edmund
  8580 | D:6      | Upgraded the game from 0.31-a0-523-g071a6c1ffa to
                  | 0.31-a0-672-g7da72447bb
  8580 | D:6      | Quit the game

Illustrated notes

Levels and vault maps discovered:
D:1:      dpeg_arrival_stone_temple_mockup, layout_basic, serial_shops,
          nicolae_shop_back_alley_shop, shop, shop, shop, nicolae_shop_drivethru
D:2:      layout_basic, uniq_robin
D:3:      layout_loops_corners, serial_undead, serial_undead_c, serial_undead_b,
          serial_undead_a, serial_undead_c, hellmonk_ecumenical_altar_zigzags
D:4:      kennysheep_six_static_rooms, layout_loops_cross,
          nicolae_yredelemnul_corpse_copse, minmay_temple_entry_tees,
          serial_shops, shop, minmay_hollow_rounded_squares
D:5:      layout_layer_cave, uniq_crazy_yiuf_cottage, uniq_pikel
D:6:      layout_rooms, overflow_temple_1_default, st_stairs_10,
          serial_park_tiny_1, hellmonk_guarded_unrand_hermit, uniq_edmund
Temple:   nicolae_temple_bog_church

Skill      XL: |  1  2  3  4  5  6  7 |
---------------+----------------------+-----
Conjurations   | 1 2 |  2.0
Air Magic      | 3 4 5 6 7 |  7.7
Fighting       | 2 5 |  5.0
Spellcasting   | 3 4 |  4.0
Dodging        | |  1.7
Stealth        | |  1.4

Action                     |  1- 3 |  4- 6 |  7- 9 || total
---------------------------+-------+-------+-------++-------
  Melee: Dagger            |     1 |     2 |       ||     3
         Whip              |       |    93 |     7 ||   100
         Mace              |       |       |    49 ||    49
   Cast: Shock             |    57 |    86 |    18 ||   161
         Static Discharge  |       |    25 |    19 ||    44
         Airstrike         |       |       |     3 ||     3
  Evoke: Wand              |       |       |     1 ||     1
    Use: Scroll            |       |       |    13 ||    13
   Stab: Sleeping          |       |     3 |       ||     3
 Armour: Robe              |     6 |    34 |    19 ||    59
  Dodge: Dodged            |     7 |    52 |    45 ||   104

Table legend: (Time is in decaauts)
 A = Elapsed time spent in this place.
 B = Non-inter-level travel time spent in this place.
 C = Inter-level travel time spent in this place.
 D = Time resting spent in this place.
 E = Time spent auto-exploring this place.
 F = Levels seen in this place.
 G = Mean time per level.
                   A        B        C        D        E       F      G
               +--------+--------+--------+--------+--------+-----+--------+
         Total |   8612 |   8124 |    488 |   1578 |   5133 |   7 | 1230.3 |
       Dungeon |   8534 |   8058 |    476 |   1530 |   5133 |   6 | 1422.3 |
        Temple |     78 |     66 |     12 |     48 |      0 |   1 |   78.0 |
               +--------+--------+--------+--------+--------+-----+--------+

Top non-repeatable levels by time:
     D:4: 2603 daAuts
     D:5: 1936 daAuts
     D:3: 1391 daAuts
     D:2: 1146 daAuts
     D:1: 1081 daAuts
     D:6: 375 daAuts
  Temple: 78 daAuts
